Map: Submarine LE

Players

Seither

  • Race: Terran Terran
  • Spawn Location: 11:00

Probe - Winner!

  • Race: Protoss Protoss
  • League: Master
  • Spawn Location: 5:00

Event: DreamHack SC2 Masters 2020 Fall

VOD

Have the link to the VOD?

Description

Time

  • Played on: Aug. 30, 2020, 7:27 a.m.
  • Length: 19:34

All games in this series

Show
View Real Time Build Order
Export as new Build Order

Seither Terran 

Build Orders:  

Get SALT Encoding   

  12  0:00  SCV  
  13  0:12  SCV  
  14  0:17  Supply Depot  
  14  0:24  SCV  
  14  0:28  Refinery  
  15  0:38  SCV  
  16  0:45  Barracks  
  16  0:50  SCV  
  17  1:03  SCV  
  18  1:11  Engineering Bay  
  18  1:15  SCV  
  19  1:32  Marine  
  19  1:34  Factory  
  19  1:38  Orbital Command  
  20  1:49  Supply Depot  
  20  1:51  Barracks Reactor  
  20  2:04  SCV  
  21  2:19  Widow Mine  
  21  2:22  SCV  
  24  2:30  Command Center  
  24  2:32  Marine x2  
  26  2:38  SCV  
  26  2:39  Refinery  
  26  2:41  Supply Depot  
  27  2:50  Starport  
  27  2:53  Marine x2  
  27  2:56  SCV  
  30  3:02  Widow Mine  
  32  3:08  SCV  
  32  3:11  Marine x2  
  35  3:20  SCV  
  35  3:21  Supply Depot  
  35  3:25  Widow Mine  
  38  3:32  Marine  
  39  3:41  Medivac, Marine  
  39  3:42  SCV  
  39  3:44  Orbital Command  
  43  3:48  Factory Tech Lab  
  43  3:55  SCV  
  44  3:59  Marine x2  
  44  4:00  Orbital Command  
  46  4:14  Factory Tech Lab  
  46  4:15  SCV  
  47  4:20  Raven  
  47  4:21  Barracks  
  47  4:22  Barracks  
  47  4:23  Marine  
  50  4:26  SCV  
  50  4:29  Marine  
  52  4:34  Siege Tank  
  55  4:38  Supply Depot  
  55  4:40  SCV  
  55  4:42  SCV  
  57  4:47  Engineering Bay  
  57  4:53  SCV  
  57  4:54  SCV  
  59  5:03  Marine x2  
  59  5:04  Viking  
  61  5:08  SCV x2  
  61  5:10  Refinery  
  61  5:13  Siege Tank  
  61  5:14  Barracks Tech Lab  
  66  5:21  SCV x2, Barracks Tech Lab  
  68  5:24  Supply Depot  
  68  5:34  SCV x2  
  70  5:35  Terran Infantry Weapons Level 1  
  70  5:45  Marine x4  
  70  5:46  SCV x2, Supply Depot  
  70  5:47  Refinery  
  71  5:58  Starport Reactor, Stimpack  
  71  6:02  SCV x2  
  73  6:04  Marine x2  
  77  6:11  Marauder x2  
  77  6:14  Siege Tank  
  77  6:16  Supply Depot  
  77  6:17  SCV  
  77  6:18  SCV  
  84  6:23  Supply Depot  
  84  6:29  Marine x2  
  86  6:38  SCV x2  
  86  6:39  Supply Depot  
  88  6:43  Marauder x2  
  88  6:44  Medivac  
  88  6:45  Medivac  
  96  6:49  Supply Depot  
  96  6:52  SCV x2  
  98  6:57  Marine x2  
  100  7:02  Supply Depot  
  100  7:04  SCV x2  
  100  7:07  Marauder x2  
  106  7:17  Supply Depot, Siege Tank  
  109  7:23  Marine x2  
  111  7:32  Command Center  
  111  7:38  Marauder x2, Terran Infantry Armor Level 1  
  111  7:43  Supply Depot  
  115  7:45  Medivac x2  
  115  7:49  SCV x2  
  121  8:01  Marauder x2, Marine x2  
  121  8:02  Siege Tank  
  130  8:11  Barracks  
  130  8:12  Barracks  
  128  8:19  Supply Depot  
  128  8:20  Viking x2  
  128  8:22  Marine x2  
  128  8:25  SCV x2  
  136  8:31  Concussive Shells, Combat Shield  
  136  8:39  Siege Tank  
  138  8:43  Marine  
  138  8:44  Marine  
  138  8:45  Orbital Command  
  138  8:46  Marauder  
  138  8:47  SCV x2  
  144  8:53  Supply Depot  
  144  8:56  Liberator  
  144  8:59  Liberator  
  144  9:02  Orbital Command  
  148  9:15  SCV x2  
  149  9:30  Marine x2  
  149  9:31  Marauder x2  
  145  9:38  Orbital Command  
  145  9:39  Viking, Siege Tank  
  145  9:42  Viking  
  138  9:45  Marine  
  138  9:48  Marine  
  138  9:52  Marauder x2, Marine  
  143  10:03  Marine  
  143  10:04  SCV  
  143  10:05  SCV  
  143  10:06  Marine  
  146  10:13  Marauder  
  146  10:14  Marauder  
  149  10:18  Marine  
  149  10:21  Marine  
  149  10:22  Refinery  
  150  10:29  Marine  
  150  10:32  Siege Tank  
  150  10:35  Marauder x2  
  158  10:36  Marine  
  158  10:40  SCV x2  
  158  10:41  SCV  
  158  10:42  Refinery  
  154  10:43  Refinery, Ghost Academy  
  154  10:44  Viking, Supply Depot  
  154  10:48  Marine x2  
  158  10:54  Marine  
  158  10:56  Marauder x2  
  163  11:02  Viking  
  165  11:06  Marine x2  
  167  11:12  Marine  
  167  11:14  Viking  
  167  11:15  Supply Depot  
  167  11:16  Supply Depot  
  167  11:17  Marine  
  167  11:18  Marauder  
  173  11:24  Marine  
  169  11:27  Marine  
  169  11:29  Marine  
  167  11:35  Siege Tank  
  167  11:36  Marauder  
  167  11:39  Marauder  
  173  11:42  Marine  
  173  11:45  Marine  
  175  11:47  Marine  
  175  11:52  SCV x2  
  175  11:53  SCV  
  176  11:57  Marauder  
  176  11:59  Marine  
  176  12:00  Marauder  
  181  12:03  Marine  
  181  12:06  Marine  
  181  12:07  Enhanced Shockwaves  
  183  12:10  SCV x2  
  185  12:17  Ghost, Marine, Siege Tank  
  185  12:20  Supply Depot  
  185  12:21  Ghost  
  191  12:34  Viking x2  
  191  12:37  Marine x2  
  195  12:46  Ghost  
  195  12:49  Ghost  
  199  12:58  Marine  
  199  13:04  Command Center  
  200  13:18  Armory  
  200  13:20  Engineering Bay  
  194  13:39  Marine  
  194  13:40  Marauder x2, Marine x2  
  187  13:42  Siege Tank  
  185  13:53  Viking  
  185  13:54  Viking  
  180  13:57  Marine x2  
  180  13:58  Marine  
  180  14:01  Marauder  
  180  14:02  Marauder  
  177  14:14  Siege Tank  
  177  14:15  Marine x3  
  173  14:23  Marauder x2  
  170  14:33  Marine x3  
  173  14:44  Marauder x2  
  176  14:51  Marine  
  176  14:52  Marine x2  
  171  15:06  Marauder x2  
  175  15:08  Marine  
  175  15:10  Marine  
  175  15:12  Marine  
  166  15:26  Marine  
  166  15:27  Marauder x2  
  166  15:28  Marine  
  162  15:30  Marine  
  145  15:42  Viking  
  123  15:44  Marine  
  123  15:46  Marine  
  123  15:48  Widow Mine, Marine x3  
  90  16:00  Medivac  
  90  16:02  Marine  
  73  16:06  Marauder x2  
  73  16:07  SCV x2  
  72  16:12  Marine  
  71  16:20  Marine  
  71  16:26  Orbital Command  
  71  16:27  Marine x2  
  71  16:29  SCV x2  
  75  16:33  Medivac x2  
  75  16:35  Marine  
  75  16:39  Marine x2  
  82  16:45  Terran Infantry Weapons Level 2  
  82  16:50  Marine x2  
  84  16:58  Marauder, Marine x2  
  85  17:05  Missile Turret  
  84  17:08  Marine x2  
  84  17:13  Missile Turret  
  86  17:16  Marine x2  
  86  17:19  SCV  
  86  17:20  SCV x2, Marauder  
  91  17:26  Marine  
  91  17:28  Medivac  
  94  17:31  Medivac  
  94  17:37  Marine x2  
  96  17:42  Ghost  
  100  17:47  Ghost  
  100  17:49  Ghost  
  104  17:59  Marine x2  
  106  18:08  Liberator x2  
  106  18:09  Siege Tank  
  113  18:20  Ghost x2, Marine  
  118  18:29  SCV  
  118  18:30  SCV x2  
  118  18:33  Marauder, Marine  
  124  18:49  Marauder  
  124  18:55  Marauder x2, Marine x2  
  96  19:10  Marine  
  96  19:12  Marine  
  96  19:13  Marine  
  96  19:16  Marine  
Show
View Real Time Build Order
Export as new Build Order

Probe Protoss - Winner!

Build Orders: Colossus Rush 

Get SALT Encoding   

  12  0:00  Probe  
  13  0:12  Probe  
  14  0:18  Pylon  
  14  0:24  Probe (Chrono Boost)  
  15  0:37  Probe (Chrono Boost)  
  15  0:38  Gateway  
  16  0:45  Probe (Chrono Boost)  
  16  0:46  Assimilator  
  17  0:51  Probe  
  18  1:03  Probe  
  19  1:15  Probe  
  20  1:25  Cybernetics Core  
  20  1:26  Zealot, Assimilator  
  20  1:27  Pylon  
  20  1:30  Probe  
  23  1:45  Probe  
  24  1:57  Probe  
  24  2:00  Stalker (Chrono Boost)  
  25  2:03  Warp Gate  
  25  2:08  Pylon  
  27  2:09  Probe  
  28  2:21  Probe  
  29  2:23  Stalker  
  31  2:33  Probe  
  31  2:36  Nexus  
  32  2:45  Probe  
  33  2:58  Probe, Robotics Facility  
  33  3:10  Probe (Chrono Boost)  
  34  3:15  Gateway  
  34  3:22  Probe (Chrono Boost)  
  35  3:28  Gateway  
  35  3:29  Probe (Chrono Boost)  
  36  3:36  Probe  
  36  3:38  Shield Battery  
  37  3:45  Observer (Chrono Boost)  
  38  3:48  Probe  
  38  3:49  Probe  
  38  3:50  Robotics Bay  
  38  3:53  Stalker  
  42  3:59  Observer (Chrono Boost)  
  42  4:00  Probe  
  42  4:01  Probe  
  45  4:04  Pylon  
  45  4:12  Probe  
  45  4:13  Probe  
  47  4:19  Assimilator x2  
  47  4:22  Warp Prism (Chrono Boost), Observer  
  47  4:24  Probe  
  47  4:26  Probe  
  51  4:33  Sentry  
  51  4:37  Probe  
  51  4:38  Probe  
  55  4:39  Pylon  
  55  4:48  Disruptor (Chrono Boost)  
  55  4:49  Probe  
  55  4:50  Probe, Gravitic Drive  
  59  5:01  Probe  
  59  5:02  Probe  
  59  5:13  Probe  
  60  5:14  Probe  
  60  5:18  Colossus (Chrono Boost)  
  67  5:25  Probe  
  67  5:26  Probe  
  69  5:31  Twilight Council  
  69  5:33  Forge  
  69  5:37  Probe  
  70  5:43  Pylon  
  70  5:51  Observer  
  70  5:57  Pylon  
  70  6:01  Probe x2, Colossus (Chrono Boost)  
  78  6:07  Charge (Chrono Boost)  
  78  6:08  Protoss Ground Armor Level 1 (Chrono Boost)  
  78  6:09  Gateway  
  78  6:10  Gateway  
  78  6:19  Stalker, Sentry  
  82  6:28  Gateway  
  82  6:32  Stalker, Pylon  
  84  6:33  Probe  
  84  6:34  Probe  
  86  6:45  Extended Thermal Lance  
  86  6:50  Colossus  
  92  6:56  Shield Battery  
  92  7:00  Zealot  
  94  7:02  Pylon  
  94  7:04  Shield Battery, Pylon  
  89  7:18  Stalker  
  89  7:21  Zealot x2  
  95  7:23  Sentry  
  95  7:28  Probe  
  98  7:35  Probe  
  99  7:38  Pylon  
  99  7:40  Probe  
  99  7:44  Nexus  
  99  7:45  Blink (Chrono Boost)  
  99  7:47  Disruptor (Chrono Boost)  
  102  8:03  Pylon  
  102  8:09  Stalker x2  
  102  8:10  Zealot  
  102  8:12  Zealot  
  110  8:17  Pylon  
  110  8:19  Disruptor (Chrono Boost)  
  110  8:24  Protoss Ground Armor Level 2  
  113  8:35  Probe x2  
  114  8:43  Stalker x3  
  114  8:46  Zealot  
  114  8:47  Probe x2  
  124  8:56  Disruptor  
  127  9:07  Zealot x4  
  133  9:16  Probe  
  134  9:32  Zealot x6  
  134  9:36  Probe, Disruptor  
  145  9:45  Probe  
  139  9:48  Probe  
  139  9:52  Zealot x2  
  140  9:53  Zealot x2  
  140  9:57  Probe  
  137  10:00  Probe  
  136  10:07  Zealot  
  136  10:10  Probe, Stalker  
  136  10:13  Disruptor  
  144  10:16  Probe x2  
  142  10:25  Pylon x2  
  142  10:27  Probe  
  142  10:28  Pylon x2  
  141  10:31  Probe  
  134  10:46  Zealot x3  
  134  10:47  Zealot x2  
  134  10:48  Probe  
  134  10:49  Probe x2  
  147  10:56  Stalker  
  149  11:01  Probe x3  
  147  11:10  Stalker x3  
  143  11:13  Probe x3  
  138  11:25  Probe x3  
  129  11:37  Probe x3, Stalker  
  127  11:49  Probe x3  
  130  11:59  Zealot x4  
  138  12:01  Probe x2  
  138  12:03  Probe  
  141  12:13  Probe x2  
  141  12:15  Probe  
  142  12:18  Templar Archives  
  142  12:25  Probe x2  
  142  12:35  Dark Shrine  
  140  12:38  Protoss Ground Armor Level 3 (Chrono Boost)  
  140  12:39  Observer  
  140  12:45  Zealot  
  140  12:47  Nexus  
  140  12:49  Zealot  
  144  12:56  High Templar x3  
  144  12:57  High Templar  
  146  13:01  Pylon  
  146  13:04  Archon x2  
  144  13:06  Disruptor  
  144  13:11  Zealot x2  
  151  13:20  Observer  
  148  13:36  Zealot  
  148  13:37  Zealot x5  
  160  13:42  Disruptor  
  160  13:44  Probe  
  161  13:58  Dark Templar  
  161  14:00  Dark Templar  
  162  14:02  Dark Templar  
  162  14:03  Probe x2  
  162  14:04  Dark Templar  
  162  14:05  Probe  
  162  14:08  Probe  
  162  14:09  Zealot  
  170  14:10  Zealot  
  170  14:15  Probe x2  
  168  14:17  Probe, Disruptor  
  168  14:20  Probe  
  169  14:32  Dark Templar x2  
  169  14:37  Pylon  
  173  14:39  Pylon  
  173  14:42  Pylon x2  
  173  14:43  Dark Templar  
  167  14:53  Disruptor  
  167  14:54  Dark Templar  
  167  14:57  Probe  
  168  15:01  Dark Templar  
  168  15:02  Probe x2  
  168  15:03  Zealot  
  168  15:04  Zealot x2  
  171  15:07  Probe  
  150  15:32  Zealot x4  
  141  15:38  Zealot  
  141  15:39  Zealot  
  107  15:51  Disruptor (Chrono Boost)  
  101  15:58  Probe, Zealot x4  
  101  16:02  Probe x3  
  105  16:11  Probe  
  104  16:14  Probe x2  
  104  16:17  Dark Templar x2  
  110  16:24  Disruptor (Chrono Boost)  
  113  16:27  Gateway  
  113  16:28  Pylon, Dark Templar  
  113  16:29  Gateway  
  113  16:30  Dark Templar  
  113  16:32  Nexus  
  117  16:43  Pylon  
  117  16:46  Sentry, Zealot  
  119  16:48  Assimilator  
  119  16:49  Assimilator  
  119  16:54  Zealot  
  119  16:55  Zealot  
  119  16:56  Probe  
  119  16:58  Probe  
  119  16:59  Probe  
  119  17:01  Probe  
  125  17:03  Stalker x2  
  125  17:06  Assimilator  
  127  17:09  Assimilator  
  127  17:11  Stalker x2  
  129  17:18  Zealot x2  
  133  17:26  Probe x3, Disruptor (Chrono Boost)  
  137  17:39  Robotics Facility  
  137  17:40  Zealot x8  
  153  17:48  Probe x4  
  157  17:57  Psionic Storm  
  157  17:58  Gateway  
  157  18:00  Gateway  
  157  18:04  Gateway, Disruptor (Chrono Boost)  
  157  18:11  Dark Templar  
  162  18:14  Zealot x3  
  162  18:15  Zealot x3  
  174  18:23  Disruptor (Chrono Boost)  
  177  18:35  Disruptor (Chrono Boost)  
  177  18:36  Zealot  
  177  18:37  Zealot x5  
  188  18:51  Disruptor  
  178  19:03  Stalker x5, Zealot x2  
  178  19:04  Probe, Zealot x4  
  178  19:06  Probe  
  178  19:08  Probe  

Tags
 
Add a new tag
Caveats
  • Supply blocks, unpowered buildings, or Contaminate may cause inaccurate times.
  • Supply counts are checked every 10 seconds.